 Dungeon Crawl Stone Soup version 0.27.1-3-gb3d3a73c9e (webtiles) character file.

Game seed: 10808522029403875044

294 raph the Magician (level 6, -3/46 HPs)
             Began as a Djinni Fire Elementalist on Oct 13, 2021.
             Engulfed by a cloud of flame (4 damage)
             ... in an ossuary.
             The game lasted 00:06:44 (4328 turns).

raph the Magician (Djinni Fire Elementalist)        Turns: 4328, Time: 00:06:45

Health: -3/46      AC:  8    Str:  7    XL:     6   Next: 60%
Gold:   126        EV: 13    Int: 19    God:
                   SH:  0    Dex: 13

rFire    + + .     SeeInvis .   q - +5 whip (flame)
rCold    . . .     Faith    .   (no shield)
rNeg     . . .     Spirit   .   a - +0 robe
rPois    ∞         Reflect  .   (no helmet)
rElec    .         Harm     .   o - +1 cloak
rCorr    .         Rampage  .   (no gloves)
Will     .....                  (boots unavailable)
Stlth    ++........             (no amulet)
HPRegen  0.15/turn              r - +4 ring of protection
MPRegen  0.00/turn              s - ring of protection from cold

@: flying, hasted, very quick
A: sickness immunity, fire resistance 2, cold vulnerability 1, float, innate
caster, hp casting, extra vitality 1
a: no special abilities


You were in an ossuary.
You visited 1 branch of the dungeon, and saw 4 of its levels.
You also visited: Ossuary.

You collected 126 gold pieces.

Inventory:

Hand Weapons
 c - a +0 dagger
 i - a +0 short sword
 j - a +1 dagger of holy wrath
 q - a +5 whip of flaming (weapon)
Armour
 a - a +0 robe (worn)
 o - a +1 cloak (worn)
Jewellery
 d - a ring of protection from cold
 r - a +4 ring of protection (left hand)
 s - a ring of protection from cold (right hand)
Wands
 p - a wand of digging (5)
Scrolls
 g - a scroll of fear
 k - 3 scrolls of teleportation
 l - a scroll of enchant weapon
 m - 3 scrolls of enchant armour
Potions
 b - a potion of haste
 e - a potion of flight {unknown}
 n - a potion of magic {unknown}


   Skills:
 * Level 3.2 Fighting
 + Level 3.5 Dodging
 + Level 2.6 Stealth
 * Level 3.6 Spellcasting


You couldn't memorise any spells.
You knew the following spells:

 Your Spells              Type           Power      Damage    Failure   Level
a - Foxfire               Conj/Fire      68%        2x1d7     3%          1
b - Conjure Flame         Conj/Fire      17%        6-21      10%         3
c - Inner Flame           Hex/Fire       17%        N/A       10%         3
d - Sticky Flame          Conj/Fire      17%        2d4       30%         4
e - Fireball              Conj/Fire      8%         3d6       65%         5
f - Magic Dart            Conj           68%        1d6       3%          1
g - Wereblood             Tmut           17%        N/A       4%          2
Your spell library was empty.

Dungeon Overview and Level Annotations

Branches:
Dungeon (4/15)            Ossuary (1/1)
 Temple: D:4-7

Altars:


Innate Abilities, Weirdness & Mutations

You are immune to sickness and miasma.
You are immune to poison.
Your flesh is very heat resistant. (rF++)
You are vulnerable to cold. (rC-)
You float through the air rather than walking.
You learn spells naturally, not from books.
Your magical power is your life essence.
You have superior vitality. (+4 HP)


Message History

The hound zombie misses you.
You whack the elf zombie!
Flame seeps out of the elf zombie.
You burn the elf zombie.
Flame seeps out of the elf zombie.
The elf zombie is severely damaged.
The hound zombie bites you but does no damage.
The elf zombie is engulfed in blazing flames.
The elf zombie explodes!
The fiery explosion engulfs the hound zombie!!!
The fiery explosion engulfs you. You resist.
The fiery explosion engulfs the jackal zombie!!
You destroy the jackal zombie!
The hound zombie explodes!
The fiery explosion engulfs you. You resist.
Your Fighting skill increases to level 3!
You are engulfed in blazing flames.
You resist.
You are engulfed in blazing flames.
You resist.
You are engulfed in blazing flames.
You resist.
You are engulfed in blazing flames.
You resist.
The elf zombie is engulfed in blazing flames.
You closely miss the elf zombie.
The elf zombie is moderately damaged.
You are engulfed in blazing flames.
You resist.
* * * LOW HITPOINT WARNING * * *
You hit the elf zombie but do no damage.
The elf zombie is moderately damaged.
You are engulfed in blazing flames.
You resist.
* * * LOW HITPOINT WARNING * * *
The elf zombie hits you but does no damage.
Okay, then.
As you read the scroll labelled VAOLIE KYLL, it crumbles to dust.
It is a scroll of enchant weapon.
Your +4 whip of flaming glows red for a moment.
You are engulfed in blazing flames.
You resist.
* * * LOW HITPOINT WARNING * * *
The elf zombie is engulfed in blazing flames.
The elf zombie hits you but does no damage.
As you read the scroll labelled OWIFRI VYOLORR, it crumbles to dust.
It is a scroll of enchant armour.
Your +0 cloak glows green for a moment.
You are engulfed in blazing flames.
You resist.
You die...

#################
∩..........Z#@☼# ..
...........#ZZ#
.#####.........##☼#
..................#
..................#
........§..##.....#
...........##.....#
..................#
.......Z..........#


You could see 2 elf zombies and a human zombie.

Vanquished Creatures
  An elf zombie (Ossuary)
  Jessica (D:3)
  Ijyb (D:3)
  Terence (D:3)
  A hound zombie (Ossuary)
  2 mummies
  An adder (D:2)
  3 gnolls (D:2)
  2 worms (D:2)
  A dart slug (D:1)
  2 orcs (D:3)
  8 endoplasms
  3 giant cockroaches
  3 goblins (D:1)
  8 hobgoblins
  4 quokkas
  6 ball pythons
  3 bats
  2 frilled lizards
  A jackal zombie (Ossuary)
  9 kobolds
  A kobold zombie (Ossuary)
  5 rats
69 creatures vanquished.

Vanquished Creatures (others)
  252 foxfires
252 creatures vanquished.

Grand Total: 321 creatures vanquished

Notes
Turn   | Place    | Note
-------+----------+-------------------------------------------
     0 | D:1      | raph the Djinni Fire Elementalist began the quest for the
                  | Orb.
     0 | D:1      | Reached XP level 1. HP: 15/15 MP: 0/0
   650 | D:1      | Reached XP level 2. HP: 12/22 MP: 0/0
  1014 | D:1      | Reached skill level 1 in Fighting
  1125 | D:1      | Reached XP level 3. HP: 22/27 MP: 0/0
  1125 | D:1      | Learned a level 1 spell: Magic Dart
  2279 | D:2      | Reached XP level 4. HP: 30/33 MP: 0/0
  3175 | D:3      | Noticed Ijyb
  3183 | D:3      | Killed Ijyb
  3184 | D:3      | Reached XP level 5. HP: 28/39 MP: 0/0
  3184 | D:3      | Learned a level 2 spell: Wereblood
  3297 | D:3      | Noticed Jessica
  3304 | D:3      | Killed Jessica
  3575 | D:3      | Noticed Terence
  3586 | D:3      | Killed Terence
  3929 | D:4      | Found a sand-covered staircase.
  3938 | D:4      | Reached XP level 6. HP: 39/45 MP: 0/0
  3979 | Ossuary  | Entered an ossuary
  4327 | Ossuary  | HP: 1/46 [cloud of flame (5)]
  4328 | Ossuary  | Engulfed by a cloud of flame

Illustrated notes

Levels and vault maps discovered:
D:1:      shiori_shiawase, layout_basic
D:2:      layout_rooms, hex_large
D:3:      layout_rooms, uniq_ijyb, uniq_terence, uniq_jessica
D:4:      layout_loops_cross, gup_ossuary_entry_pyramid, minmay_mini_ossuary
Ossuary:  ossuary_minmay_tomb_2a

Skill      XL: |  1  2  3  4  5  6 |
---------------+-------------------+-----
Fighting       | 1 2 3 |  3.2
Stealth        | 2 |  2.6
Spellcasting   | 3 |  3.6
Dodging        | 3 |  3.5

Action                   |  1- 3 |  4- 6 || total
-------------------------+-------+-------++-------
Melee: Dagger            |     9 |    19 ||    28
       Short sword       |     1 |       ||     1
       Whip              |       |    10 ||    10
 Cast: Foxfire           |    70 |    80 ||   150
       Sticky Flame      |       |     1 ||     1
       Inner Flame       |       |     2 ||     2
  Use: Scroll            |       |     8 ||     8
       Potion            |       |     1 ||     1
 Stab: Sleeping          |       |     2 ||     2
Armor: Robe              |     4 |    20 ||    24
Dodge: Dodged            |    10 |    23 ||    33
